 Dungeon Crawl Stone Soup version 0.21.0-3-g78d12a8 (webtiles) character file.

60637 MTVSty1e the Severer (level 14, -3/132 HPs)
             Began as a Yellow Draconian Fighter on Jan 8, 2018.
             Was the Champion of Okawaru.
             Slain by an entropy weaver (15 damage)
             ... on level 13 of the Dungeon.
             The game lasted 00:57:05 (27701 turns).

MTVSty1e the Severer (Yellow Draconian Fighter)    Turns: 27701, Time: 00:57:06

Health: -3/132     AC:  0    Str: 30    XL:     14   Next: 57%
Magic:  0/19       EV: 13    Int:  8    God:    Okawaru [******]
Gold:   1468       SH: 19    Dex: 13    Spells: 13/13 levels left

rFire    + + .     SeeInvis +   r - +0 broad axe
rCold    + . .     Gourm    .   g - +1 large shield
rNeg     + + .     Faith    .   (armour unavailable)
rPois    +         Spirit   +   I - +0 hat
rElec    +         Reflect  .   t - +0 cloak
rCorr    +         Harm     .   P - +1 pair of gloves
MR       +....                  u - +0 pair of boots
Stlth    +.........             M - amulet "Vireungof" {Spirit rN++}
HPRegen  0.32/turn              C - ring of the Pariah {rF+ Dex+6}
MPRegen  0.16/turn              G - ring "Ipaetzurph" {rElec Str+6 Dex-4 SInv}

@: lethally poisoned (-3 -> -4), resistant, corroded
A: spit acid, acid resistance, unfitting armour, acidic bite, cold-blooded, AC
+8
a: Breathe Acid, Heroism, Finesse, Renounce Religion


You were on level 13 of the Dungeon.
You worshipped Okawaru.
Okawaru was exalted by your worship.
You were hungry.

You visited 3 branches of the dungeon, and saw 20 of its levels.
You also visited: Ice Cave.

You collected 1468 gold pieces.

Inventory:

Hand Weapons
 a - a +1 war axe
 r - a +0 broad axe (weapon)
 x - the +6 war axe "Notinacs" {freeze, *Drain rElec Dex+8}
   (Okawaru gifted it to you on level 5 of the Lair of Beasts)

   It has been specially enchanted to freeze those struck by it, causing extra
   injury to most foes and up to half again as much damage against particularly
   susceptible opponents.
   It can also slow down cold-blooded creatures.
   It affects your dexterity (+8).
   It insulates you from electricity.
   It causes draining when unequipped.
 F - the +4 battleaxe "Calocis" {antimagic, SInv Stlth+}
   (Okawaru gifted it to you on level 3 of the Lair of Beasts)

   It reduces the magical energy of the wielder, and disrupts the spells and
   magical abilities of those hit.
   Natural abilities and divine invocations are not affected.
   It lets you see invisible.
   It makes you more stealthy.
 H - a +1 flail of protection
Armour
 g - a +1 large shield (worn)
 t - a +0 cloak (worn)
 u - a +0 pair of boots (worn)
 I - a +0 hat (worn)
 P - a +1 pair of gloves (worn)
Jewellery
 n - an uncursed amulet of guardian spirit
 s - an uncursed ring of see invisible
 C - the ring of the Pariah (left hand) {rF+ Dex+6}
   (You found it on level 8 of the Dungeon)

   [ring of protection from fire]

   It affects your dexterity (+6).
   It protects you from fire.
 G - the ring "Ipaetzurph" (right hand) {rElec Str+6 Dex-4 SInv}
   (You found it on level 3 of the Lair of Beasts)

   [ring of see invisible]

   It affects your strength (+6).
   It affects your dexterity (-4).
   It insulates you from electricity.
   It lets you see invisible.
 M - the amulet "Vireungof" (around neck) {Spirit rN++}
   (You found it on level 5 of the Lair of Beasts)

   [amulet of guardian spirit]

   It causes incoming damage to be split between your health and magic.
   It greatly protects you from negative energy.
 Q - the ring "Faxi" {rPois Dex+4}
   (You found it on level 12 of the Dungeon)

   [ring of dexterity]

   It affects your dexterity (+4).
   It protects you from poison.
Wands
 h - a wand of paralysis (48)
 k - a wand of digging (6)
 m - a wand of iceblast (1)
 o - a wand of polymorph (25)
 p - a wand of random effects (37)
 v - a wand of acid (23)
Scrolls
 b - 2 scrolls of amnesia
 e - 14 scrolls of remove curse
 i - 4 scrolls of magic mapping
 j - 13 scrolls of teleportation
 q - a scroll of identify
 B - a scroll of enchant armour
 E - 4 scrolls of enchant weapon
Potions
 c - 4 potions of magic
 f - a potion of might
 l - 2 potions of cancellation
 w - a potion of ambrosia
 A - 2 potions of lignification
 D - a potion of flight
 K - 2 potions of brilliance
 N - 2 potions of invisibility
 O - a potion of curing
Books
 y - a Young Poisoner's Handbook

   Spells                             Type                      Level
   a - Sting                          Conjuration/Poison           1
   b - Poisonous Vapours              Poison/Air                   2
   c - Mephitic Cloud                 Conjuration/Poison/Air       3
   d - Olgreb's Toxic Radiance        Poison                       4
   e - Venom Bolt                     Conjuration/Poison           5
Comestibles
 d - 11 rations


   Skills:
 + Level 14.1 Fighting
 * Level 17.4 Axes
 + Level 7.8 Dodging
 + Level 8.5 Shields
 + Level 7.5 Invocations


You had 13 spell levels left.
You didn't know any spells.

Dungeon Overview and Level Annotations

Branches:
Dungeon (13/15)            Temple (1/1) D:7            Lair (6/6) D:8
  Swamp (0/4) Lair:3        Snake (0/4) Lair:4        Slime (0/5) Lair:6
    Orc (0/2) D:11
 Vaults: D:13-14

Altars:
Ashenzari
Fedhas
Hepliaklqana
Nemelex Xobeh
Okawaru
Qazlal
Sif Muna
Trog
Uskayaw
Vehumet
Wu Jian
Xom
Yredelemnul
Zin
The Shining One

Annotations:
D:2 exclusion: oklob plant


Innate Abilities, Weirdness & Mutations

You can spit globs of acid.
You are resistant to acid.
Your golden yellow scales are hard. (AC +8)
You cannot fit into any form of body armour.
You have acidic saliva.
You are cold-blooded and may be slowed by cold attacks.


Message History

You feel protected.
You feel like a meek peon again. The entropy weaver hits you.
The entropy weaver hits you!
* * * LOW HITPOINT WARNING * * *
You block the entropy weaver's attack. The entropy weaver hits you.
* * * LOW HITPOINT WARNING * * *
You slash the entropy weaver!
Your tail-slap misses the entropy weaver.
The entropy weaver is almost dead.
You feel sick. The entropy weaver hits you!
* * * LOW HITPOINT WARNING * * *
You block the entropy weaver's attack. The entropy weaver hits you.
* * * LOW HITPOINT WARNING * * *
The entropy weaver hits you.
* * * LOW HITPOINT WARNING * * *
You feel much better. The entropy weaver hits you!
* * * LOW HITPOINT WARNING * * *
The entropy weaver hits you!
* * * LOW HITPOINT WARNING * * *
You block the entropy weaver's attack. The entropy weaver hits you!
You die...

... #....#
#..##+##....#
#...........#
#........##.#
............#
###.....#####
#.....#
#....[#
#†@†.[#
###a####
#.aaa.#
#.aaa.#
#.....#
.....a?.#
##.##....+ ##
.#...#
#.##..#


You could see an entropy weaver, 3 soldier ants and 4 worker ants.

Vanquished Creatures
  Gastronok (Lair:3)
  A thorn hunter (Lair:5)
  A dire elephant (Lair:6)
  14 hydras
  2 catoblepae
  4 two-headed ogres
  A deep troll shaman (Lair:6)
  9 death yaks (Lair:6)
  A deep elf mage (D:10)
  An obsidian statue (D:12)
  4 ugly things
  3 oklob plants (Lair:5)
  2 manticores (D:12)
  2 black mambas
  3 elephants (Lair:6)
  10 spiny frogs
  2 centaur skeletons
  3 kobold demonologists (D:12)
  2 komodo dragons
  4 polar bears
  18 blink frogs
  3 hippogriffs
  18 dream sheep
  32 yaks
  A vampire (D:11)
  A wyvern (D:4)
  The ghost of eeldvark the Charlatan, an amateur GnWn (D:4)
  A basilisk (Lair:4)
  Menkaure (D:6)
  A naga (Lair:4)
  3 swamp worms (D:11)
  6 soldier ants
  9 porcupines
  15 water moccasins
  14 orc warriors
  An ice beast (D:10)
  A sky beast (D:10)
  2 black bears
  An eye of draining (D:9)
  A phantom (D:11)
  5 ogres
  7 centaurs
  20 wolves
  6 crocodiles
  2 big kobolds (D:12)
  13 bullfrogs
  A wyvern skeleton (D:6)
  6 scorpions
  5 killer bees
  5 wights (D:9)
  3 electric eels
  5 howler monkeys
  2 crimson imps
  2 bullfrog zombies
  2 hounds
  2 quasits (D:9)
  18 jellies
  6 orc priests
  A gnoll shaman (D:9)
  2 bullfrog skeletons
  2 iguanas
  13 orc wizards
  14 worker ants
  10 hell rats
  3 hound skeletons
  16 adders
  13 gnolls
  A shadow imp (D:11)
  An ooze (Lair:6)
  2 adder skeletons
  16 worms
  A dart slug (D:1)
  9 leopard geckos
  47 orcs
  A giant cockroach (D:7)
  8 goblins
  3 hobgoblins
  29 jackals
  9 kobolds
  A quokka (D:2)
  5 ball pythons
  6 bats
  5 frilled lizards
  A jackal zombie (D:5)
  4 rats
  A bush (Lair:6)
  4 fungi (Lair:6)
  2 plants (Lair:6)
540 creatures vanquished.

Vanquished Creatures (others)
  The ghost of Amnesiac the Destroyer, a journeyman TeAE of Sif Muna (D:12)
  A bush (Lair:1)
  12 fungi
  14 plants
28 creatures vanquished.

Grand Total: 568 creatures vanquished

Notes
Turn   | Place    | Note
-------+----------+-------------------------------------------
     0 | D:1      | MTVSty1e the Draconian Fighter began the quest for the Orb.
     0 | D:1      | Reached XP level 1. HP: 19/19 MP: 1/1
   329 | D:1      | Reached XP level 2. HP: 26/26 MP: 2/2
   694 | D:1      | Reached skill level 3 in Axes
   934 | D:2      | Found a basalt altar of Yredelemnul.
   985 | D:2      | Reached XP level 3. HP: 31/33 MP: 3/3
  1639 | D:2      | Found a blossoming altar of Fedhas.
  1650 | D:2      | Noticed an oklob plant
  1712 | D:2      | Found a hide-covered altar of Uskayaw.
  1738 | D:2      | Reached XP level 4. HP: 25/40 MP: 4/4
  2191 | D:3      | Reached skill level 4 in Axes
  2728 | D:3      | Reached XP level 5. HP: 47/47 MP: 5/5
  3816 | D:4      | Noticed a wyvern
  3823 | D:4      | Killed a wyvern
  3823 | D:4      | Reached skill level 5 in Fighting
  3823 | D:4      | Reached skill level 5 in Axes
  3823 | D:4      | Reached XP level 6. HP: 14/56 MP: 2/6
  3927 | D:4      | Noticed eeldvark's ghost (amateur GnWn)
  4237 | D:4      | Killed eeldvark's ghost
  4237 | D:4      | Reached skill level 6 in Axes
  4237 | D:4      | Your scales start taking on a golden yellow colour.
  4237 | D:4      | Reached XP level 7. HP: 45/62 MP: 4/7
  4570 | D:4      | Found a bloodstained altar of Trog.
  4584 | D:5      | Entered Level 5 of the Dungeon
  4626 | D:5      | Reached skill level 7 in Axes
  5144 | D:5      | Reached XP level 8. HP: 67/71 MP: 8/8
  5489 | D:6      | Reached skill level 8 in Axes
  5493 | D:6      | Found a shimmering altar of Xom.
  6185 | D:6      | Reached skill level 9 in Axes
  6725 | D:6      | Noticed Menkaure
  6730 | D:6      | Killed Menkaure
  6730 | D:6      | Reached XP level 9. HP: 52/81 MP: 6/9
  6746 | D:6      | Reached skill level 10 in Axes
  7081 | D:6      | Found a sparkling altar of Nemelex Xobeh.
  7706 | D:7      | Reached skill level 11 in Axes
  7750 | D:7      | Found a staircase to the Ecumenical Temple.
  7825 | Temple   | Entered the Ecumenical Temple
  7836 | Temple   | Became a worshipper of Warmaster Okawaru
  8391 | D:7      | Found a shattered altar of Ashenzari.
  8786 | D:8      | Found a staircase to the Lair.
  8968 | D:8      | Got a bound golden ring
  8969 | D:8      | Identified the ring of the Pariah {rF+ Dex+6} (You found it on level 8 of the Dungeon)
  8989 | D:8      | Reached XP level 10. HP: 81/92 MP: 7/10
  9108 | D:9      | Noticed a two-headed ogre
  9111 | D:9      | Killed a two-headed ogre
  9111 | D:9      | Reached * piety under Okawaru
  9111 | D:9      | Reached skill level 10 in Fighting
  9111 | D:9      | Reached skill level 12 in Axes
  9360 | D:9      | Noticed a four-headed hydra
  9361 | D:9      | Noticed a two-headed ogre
 10038 | D:9      | Killed a four-headed hydra
 10038 | D:9      | Reached ** piety under Okawaru
 10522 | D:10     | Entered Level 10 of the Dungeon
 10727 | D:10     | Found a shattered altar of Ashenzari.
 10781 | D:10     | Noticed a deep elf mage
 10794 | D:10     | Killed a deep elf mage
 10794 | D:10     | Reached skill level 13 in Axes
 10990 | D:10     | Noticed a red ugly thing
 11007 | D:10     | Killed a red ugly thing
 11007 | D:10     | Reached *** piety under Okawaru
 11050 | D:10     | Noticed a two-headed ogre
 11057 | D:10     | Killed a two-headed ogre
 11057 | D:10     | Reached XP level 11. HP: 88/102 MP: 11/11
 11352 | D:10     | Found a deep blue altar of Sif Muna.
 11859 | D:11     | Found a staircase to the Orcish Mines.
 12025 | D:11     | Noticed a two-headed ogre
 12035 | D:11     | Killed a two-headed ogre
 12035 | D:11     | Reached **** piety under Okawaru
 12057 | D:11     | Reached skill level 14 in Axes
 12135 | D:11     | Noticed a two-headed ogre
 12144 | D:11     | Killed a two-headed ogre
 12672 | D:11     | HP: 2/104 [swamp worm (14)]
 13456 | Lair:1   | Entered Level 1 of the Lair of Beasts
 14100 | Lair:1   | Reached ***** piety under Okawaru
 14120 | Lair:1   | Received a gift from Okawaru
 15084 | Lair:2   | Found a frozen archway.
 15101 | IceCv    | Entered an ice cave
 15692 | Lair:2   | Noticed a five-headed hydra
 15715 | Lair:2   | Killed a five-headed hydra
 15715 | Lair:2   | Reached skill level 15 in Axes
 15715 | Lair:2   | Reached XP level 12. HP: 19/112 MP: 2/12
 15720 | Lair:2   | HP: 2/112 [hell rat (5)]
 16588 | Lair:2   | Noticed a five-headed hydra
 16622 | Lair:2   | Killed a five-headed hydra
 16744 | Lair:2   | Noticed a six-headed hydra
 16757 | Lair:2   | Killed a six-headed hydra
 16989 | Lair:2   | Reached skill level 5 in Shields
 16990 | Lair:2   | Received a gift from Okawaru
 17070 | Lair:2   | Reached skill level 1 in Invocations
 17403 | Lair:3   | Noticed a five-headed hydra
 17412 | Lair:3   | Killed a five-headed hydra
 17541 | Lair:3   | Noticed a seven-headed hydra
 17548 | Lair:3   | Killed a seven-headed hydra
 17651 | Lair:3   | Found a staircase to the Swamp.
 17691 | Lair:3   | Noticed a seven-headed hydra
 17705 | Lair:3   | Killed a seven-headed hydra
 17705 | Lair:3   | Received a gift from Okawaru
 17708 | Lair:3   | Got a fine battleaxe {god gift}
 17712 | Lair:3   | Identified the +4 battleaxe "Calocis" {antimagic, SInv Stlth+} (Okawaru gifted it to you on level 3 of the Lair of Beasts)
 17934 | Lair:3   | Noticed a four-headed hydra
 17943 | Lair:3   | Killed a four-headed hydra
 17943 | Lair:3   | Reached skill level 5 in Dodging
 18381 | Lair:3   | Got an ancient platinum ring
 18391 | Lair:3   | Noticed a catoblepas
 18514 | Lair:3   | Killed a catoblepas
 18749 | Lair:3   | Noticed Gastronok
 18775 | Lair:3   | Killed Gastronok
 19674 | Lair:4   | Reached XP level 13. HP: 102/122 MP: 12/16
 19763 | Lair:4   | Found a staircase to the Snake Pit.
 19832 | Lair:4   | Reached skill level 16 in Axes
 21001 | Lair:5   | Noticed a thorn hunter
 21001 | Lair:5   | an oklob plant changed into a thorn hunter
 21020 | Lair:5   | Killed a thorn hunter
 21261 | Lair:5   | Reached skill level 5 in Invocations
 21330 | Lair:5   | Got a steaming silver amulet
 21429 | Lair:5   | Identified the ring "Ipaetzurph" {rElec Str+6 Dex-4 SInv} (You found it on level 3 of the Lair of Beasts)
 21430 | Lair:5   | Identified the amulet "Vireungof" {Spirit rN++} (You found it on level 5 of the Lair of Beasts)
 22424 | Lair:6   | Entered Level 6 of the Lair of Beasts
 22620 | Lair:6   | Reached ****** piety under Okawaru
 23249 | Lair:5   | Received a gift from Okawaru
 23256 | Lair:5   | Got a blackened war axe {god gift}
 23257 | Lair:5   | Identified the +6 war axe "Notinacs" {freeze, *Drain rElec Dex+8} (Okawaru gifted it to you on level 5 of the Lair of Beasts)
 24164 | Lair:6   | Received a gift from Okawaru
 24186 | Lair:6   | Gained mutation: You have acidic saliva. [Yellow Draconian growth]
 24186 | Lair:6   | Reached XP level 14. HP: 58/130 MP: 11/18
 24573 | Lair:6   | Reached skill level 17 in Axes
 25404 | Lair:6   | Found a staircase to the Slime Pits.
 26611 | D:12     | Noticed Amnesiac's ghost (journeyman TeAE)
 26621 | D:12     | Killed Amnesiac's ghost
 26861 | D:12     | Got a heavily runed amber ring
 27197 | D:12     | Identified the ring "Faxi" {rPois Dex+4} (You found it on level 12 of the Dungeon)
 27673 | D:13     | Noticed an entropy weaver
 27701 | D:13     | Slain by an entropy weaver

Skill      XL: |  1  2  3  4  5  6  7  8  9 10 11 12 13 14 |
---------------+-------------------------------------------+-----
Axes           | 3 4 5 6 7 9 11 13 15 16 17 | 17.4
Fighting       | 4 5 6 8 9 11 12 13 14 | 14.1
Dodging        | 4 5 7 |  7.8
Shields        | 4 6 7 8 |  8.5
Invocations    | 4 6 7 |  7.5

Action                   |  1- 3 |  4- 6 |  7- 9 | 10-12 | 13-15 || total
-------------------------+-------+-------+-------+-------+-------++-------
Melee: War axe           |   105 |   142 |   307 |       |       ||   554
       Tailslap          |    12 |    10 |    67 |   129 |   156 ||   374
       Broad axe         |       |       |    62 |   567 |   616 ||  1245
       Whip              |       |       |       |    14 |       ||    14
       Flail             |       |       |       |    46 |    62 ||   108
       Bite              |       |       |       |       |    58 ||    58
Invok: Heroism           |       |       |       |    17 |    21 ||    38
       Finesse           |       |       |       |       |     1 ||     1
 Abil: Breathe Acid      |       |       |     9 |    17 |     6 ||    32
Evoke: Wand              |       |       |       |       |    27 ||    27
  Use: Potion            |       |     3 |     4 |     6 |     4 ||    17
       Scroll            |       |     5 |     8 |    18 |    15 ||    46
 Stab: Sleeping          |     1 |     1 |     1 |     3 |     4 ||    10
       Distracted        |       |       |       |       |     1 ||     1
       Petrified         |       |       |       |       |     6 ||     6
  Eat: Chunk             |     3 |     7 |     4 |     3 |       ||    17
       Ration            |       |       |     4 |    11 |     7 ||    22
Armor: Skin              |    41 |    31 |   130 |   166 |   134 ||   502
Dodge: Dodged            |    46 |    34 |   115 |   217 |   250 ||   662
Block: Large shield      |    81 |   115 |   356 |   510 |   568 ||  1630
       Shield            |    11 |       |       |       |       ||    11
